Grunt Vs Rei / Mechanized Vs Armor

Match 19612222
End
Pioneer Squad
Pioneer Squad
Construct Infanterie Kompanie
MG 42 Machine Gun Team
Grenadier Squad
Grenadier Squad
Construct Luftwaffe Kompanie
221 Scout Car
Selects Mechanized Battlegroup
Selects Raid Package
Flak 30 Anti-aircraft Gun Team
Medical Station
Selects 8 Rad Armored Car
8 Rad Armored Car
Jäger Squad
8 Rad Armored Car
8 Rad Armored Car
Jäger Squad
Luftwaffe Officer Quarters
8 Rad Armored Car
Selects Mobile Repair Stations
Selects Stoßtruppen Assault Package
Selects Mechanized Assault
MG 42 Machine Gun Team
Mechanized Assault
8 Rad Armored Car
Mechanized Assault
Grunt
Rei
0
0

Comments sign in to comment!

Inverse | cohdb.com about 1 year ago

gg!